 Dungeon Crawl Stone Soup version 0.31-a0-986-g5e6e4ef867 (webtiles) character file.

Game seed: 452888642120457118

155555 senf the Myrmidon (level 16, -25/136 HPs)
             Began as a Demonspawn Monk on Nov 18, 2023.
             Was an Elder of Okawaru.
             Annihilated by an alligator snapping turtle (30 damage)
             ... on level 4 of the Shoals.
             The game lasted 01:18:22 (35108 turns).

senf the Myrmidon (Demonspawn Monk)                Turns: 35108, Time: 01:18:23

Health: -25/136    AC: 24    Str: 13    XL:     16   Next: 80%
Magic:  27/27      EV: 21    Int: 13    God:    Okawaru [****..]
Gold:   2374       SH: 15    Dex: 27    Spells: 15/15 levels left

rFire   . . .        B - +2 scimitar (drain)
rCold   + + .        X - +0 kite shield {AC+3}
rNeg    . . .        z - +3 ring mail
rPois   .            J - +2 hat
rElec   .            n - +2 cloak
rCorr   .            (gloves unavailable)
SInv    .            r - +2 pair of boots
Will    +....        (no amulet)
Stlth   +            y - +6 ring of dexterity
HPRegen 0.42/turn    L - +4 ring of slaying
MPRegen 0.20/turn

%: no passive effects
@: studying Earth Magic, very slow
A: icy blue scales 3, (demonic guardian 2), ignite blood 1, demonic touch 3,
horns 1, talons 1, cold resistance 1, screaming 1, inability to drink after
injury 1
}: 1/15 runes: barnacled
a: Renounce Religion, Heroism, Finesse


You were on level 4 of the Shoals.
You worshipped Okawaru.
Okawaru was greatly pleased with you.
You visited 5 branches of the dungeon, and saw 25 of its levels.
You also visited: Bailey.

You collected 2587 gold pieces.
You spent 213 gold pieces at shops.

Inventory:

Hand Weapons
 a - a +0 falchion
 B - a +2 scimitar of draining (weapon)
 Y - a +0 club
Missiles
 C - 4 throwing nets
 H - 5 curare-tipped darts (quivered)
 I - 14 poisoned darts
Armour
 d - an orb of light
 n - a +2 cloak (worn)
 r - a +2 pair of boots (worn)
 z - a +3 ring mail (worn)
 J - a +2 hat (worn)
 V - the +2 pair of gloves of the Curupira {rElec rC++}
   (You found it on level 5 of the Lair of Beasts)

   rC++:      It greatly protects you from cold.
   rElec:     It insulates you from electricity.
 X - a +0 kite shield of protection (worn)
Jewellery
 p - a ring of see invisible
 y - a +6 ring of dexterity (left hand)
 G - a ring of resist corrosion
 L - a +4 ring of slaying (right hand)
 P - a +4 ring of protection
 R - a ring of willpower
 U - a ring of willpower
 Z - an amulet of reflection
Wands
 l - a wand of paralysis (26)
 o - a wand of digging (9)
 t - a wand of polymorph (17)
 x - a wand of roots (22)
 D - a wand of mindburst (26)
 O - a wand of flame (30)
 W - a wand of acid (10)
Scrolls
 e - 8 scrolls of teleportation
 f - 5 scrolls of fog
 h - 4 scrolls of fear
 u - 7 scrolls of amnesia
 v - 2 scrolls of brand weapon
 A - 2 scrolls of blinking
 F - 3 scrolls of revelation
 Q - 7 scrolls of identify
Potions
 b - 3 potions of lignification
 c - 7 potions of ambrosia
 g - 5 potions of magic
 i - 13 potions of curing
 j - 4 potions of invisibility
 k - 3 potions of heal wounds
 m - 4 potions of might
 q - 2 potions of brilliance
 E - 4 potions of haste
 K - 3 potions of resistance
 M - 3 potions of mutation
 N - 2 potions of berserk rage
 S - 2 potions of enlightenment
 T - a potion of cancellation


   Skills:
 + Level 15.1 Fighting
 + Level 13.8 Long Blades
 - Level 5.2 Armour
 - Level 13.6 Dodging
 + Level 11.9 Shields
 - Level 15.2 Invocations


You had 15 spell levels left.
You didn't know any spells.
Your spell library contained the following spells:

 Spells                   Type           Power      Damage    Failure   Level
 Freeze                   Ice            0%         1d3       80%         1
 Necrotise                Necr           0%         1d4       80%         1
 Ensorcelled Hibernation  Hex/Ice        0%         N/A       91%         2
 Jinxbite                 Hex            0%         N/A       91%         2
 Scorch                   Fire           0%         2d5       91%         2
 Frozen Ramparts          Ice            0%         1d1       99%         3
 Hailstorm                Conj/Ice       0%         3d3       99%         3
 Vampiric Draining        Necr           0%         2d6       99%         3
 Anguish                  Hex/Necr       0%         N/A       100%        4
 Cause Fear               Hex            0%         N/A       100%        4
 Flame Wave               Conj/Fire      0%         2d4       100%        4
 Agony                    Necr           0%         N/A       100%        5
 Fireball                 Conj/Fire      0%         3d3       100%        5
 Lee's Rapid Deconstruct  Erth           0%         3d4*      100%        5
 Borgnjor's Revivificati  Necr           0%         N/A       100%        8
 Death's Door             Necr           0%         N/A       100%        9
 Animate Armour           Summ/Erth      Unusable   N/A       N/A         4
 Summon Ice Beast         Ice/Summ       Unusable   N/A       N/A         4
 Summon Lightning Spire   Summ/Air       Unusable   N/A       N/A         4
 Simulacrum               Ice/Necr       Unusable   N/A       N/A         6
 Summon Cactus Giant      Summ           Unusable   N/A       N/A         6
 Haunt                    Necr/Summ      Unusable   N/A       N/A         7
 Dragon's Call            Summ           Unusable   N/A       N/A         9

Dungeon Overview and Level Annotations

Branches:
Dungeon (13/15)            Temple (1/1) D:7            Lair (5/5) D:9
 Shoals (4/4) Lair:2       Spider (0/4) Lair:2        Slime (0/5) Lair:4
    Orc (2/2) D:11            Elf (0/3) Orc:2        Bailey (visited)
 Vaults: D:13-14

Altars:
Ashenzari
Cheibriados
Dithmenos
Fedhas
Gozag
Hepliaklqana
Kikubaaqudgha
Makhleb
Nemelex Xobeh
Okawaru
Qazlal
Ru
Sif Muna
Trog
Uskayaw
Vehumet
Wu Jian
Xom
Yredelemnul
Jiyva

Shops:
D:1 :   D:5 *   D:6 (   D:10 *   Orc:2 :*[((   Shoals:1 ((:[   Shoals:2 *=[

Annotations:
D:3 3 runed translucent doors, soul19's ghost, amateur GrMo
D:9 3 runed translucent doors, Lobster4's ghost, novice MfSh; grandjackal's ghost, novice DsGl
Shoals:2 3 runed translucent doors, Eugor's ghost, journeyman DECj
Shoals:4 6 transporters


Innate Abilities, Weirdness & Mutations

You are completely covered in icy blue scales. (AC +4, rC+)
((A demonic guardian rushes to your aid.))
Your demonic aura sometimes causes spilled blood to erupt in flames.
Your touch may irresistibly damage your foes and sap their willpower.
You have a pair of small horns on your head.
You have sharp toenails.
Your flesh is cold resistant. (rC+)
You occasionally shout uncontrollably at your foes.
You occasionally lose the ability to drink potions when taking damage.


Message History

The merfolk impaler is heavily wounded.
The merfolk impaler misses you.
Your unstable footing causes you to fumble your attack.
You block the merfolk impaler's attack.
The alligator snapping turtle completely misses you.
The merfolk impaler closely misses you.
Unknown command.
Your unstable footing causes you to fumble your attack.
The merfolk impaler hits you with a +2 demon trident of electrocution!
You slash the merfolk impaler! You headbutt the merfolk impaler.
The merfolk impaler is severely wounded.
You block the alligator snapping turtle's attack.
You block the merfolk impaler's attack.
Unknown command.
Your unstable footing causes you to fumble your attack.
You block the merfolk impaler's attack.
You block the alligator snapping turtle's attack.
The merfolk impaler hits you but does no damage.
You are electrocuted!
Unknown command.
Your unstable footing causes you to fumble your attack.
The merfolk impaler misses you.
Unknown command.
Your unstable footing causes you to fumble your attack.
You block the merfolk impaler's attack.
The alligator snapping turtle bites you!!
* * * LOW HITPOINT WARNING * * *
Unknown command.
You miss the merfolk impaler.
The merfolk impaler is severely wounded.
The merfolk impaler closely misses you.
The merfolk impaler hits you with a +2 demon trident of electrocution!
* * * LOW HITPOINT WARNING * * *
You block the alligator snapping turtle's attack.
You block the merfolk impaler's attack.
The merfolk impaler hits you but does no damage.
You are electrocuted!
* * * LOW HITPOINT WARNING * * *
The alligator snapping turtle bites you from afar!!
You die...

≈.≈#~~~~..## ≈≈##.~~~~~≈≈≈
≈.≈#~~~~.##≈# ...~##~~~~~≈≈≈
..≈#~~~~~#≈#) ≈≈..~#~~~~~≈≈≈
)#≈#~~~~~# ..≈ ≈#..#~~~~~≈≈≈
#≈##≈≈~~≈#≈~≈≈##≈..#.~~~≈≈≈≈
≈##≈≈≈≈≈≈#≈.≈≈#≈~#.#.~~~≈≈≈≈
## #≈.$#≈~~..#.~~~≈≈≈≈
#~~~t#~.#~~~~≈≈≈≈≈
#~~m†@#~~~~~≈≈≈≈≈
######...~~≈≈≈≈≈≈
≈≈≈≈≈≈≈~~~~≈≈≈≈≈≈≈
≈≈≈≈≈≈≈≈≈≈≈≈≈≈≈≈≈≈
≈≈≈≈≈≈≈≈≈≈≈≈≈≈≈≈≈≈
≈≈≈≈≈≈≈≈≈≈≈≈≈≈≈≈≈≈
≈≈≈≈≈≈≈≈≈≈≈≈≈≈≈≈≈≈
≈≈≈≈≈≈≈≈≈≈≈≈≈≈≈≈≈
≈≈≈≈≈≈≈≈≈≈≈≈≈≈≈≈


You could see an alligator snapping turtle and a merfolk impaler.

Vanquished Creatures
  Polyphemus (Shoals:2)
  Aizul (Arena)
  Kirke (Shoals:2)
  Ilsuiw (Arena)
  2 orc warlords
  A formless jellyfish (Shoals:4)
  5 dire elephants (Lair:5)
  An ettin (Orc:1)
  7 merfolk javelineers
  Josephine (D:10)
  Snorg (D:12)
  8 merfolk impalers
  A hydra (Lair:3)
  A merfolk aquamancer (Arena)
  A centaur warrior (Shoals:1)
  A catoblepas (Shoals:2)
  A two-headed ogre (Orc:2)
  3 merfolk avatars
  2 boulder beetles
  8 death yaks
  5 orc high priests
  Urug (D:12)
  A spectral death yak (Lair:5)
  Lodul (D:11)
  2 skysharks
  A pharaoh ant (Lair:1)
  3 skeletal warriors
  14 sea snakes
  Pikel (D:5)
  5 orc knights
  22 harpies
  An obsidian statue (Lair:5)
  4 orc sorcerers (Orc:2)
  3 ugly things
  4 necromancers (Lair:5)
  3 fauns
  4 cyclopes
  14 manticores
  7 merfolk sirens
  Maurice (Orc:1)
  3 black mambas
  16 elephants
  A gargoyle (D:12)
  6 water nymphs
  8 cane toads
  An unseen horror (D:11)
  Jeremiah (Lair:1)
  A dire elephant skeleton (Lair:5)
  5 komodo dragons
  7 rime drakes
  2 kobold demonologists
  32 merfolk
  2 polar bears
  A queen bee (Lair:2)
  4 wind drakes
  6 trolls
  A hornet (D:10)
  A spectral elephant (Lair:5)
  12 blink frogs
  6 snapping turtles
  20 dream sheep
  A jumping spider (Lair:2)
  9 wraiths
  A shadow (D:10)
  6 wyverns
  57 yaks
  4 water elementals
  A hog (Lair:2)
  4 humans (Shoals:2)
  3 steam dragons
  4 basilisks
  5 vampire mosquitoes
  3 death yak simulacra (Lair:5)
  A spectral cane toad (Lair:5)
  Duvessa (D:4)
  19 water moccasins
  2 ice beasts
  33 orc warriors
  2 sky beasts (D:7)
  A black bear (Lair:1)
  2 elephant zombies (Lair:5)
  15 ogres
  2 elephant skeletons (Lair:5)
  9 centaurs
  20 wolves
  4 lemures (D:4)
  3 phantoms
  3 kobold brigands
  16 bullfrogs
  2 gnoll sergeants
  A cane toad simulacrum (Lair:5)
  7 scorpions
  A wight (D:7)
  Dowan (D:4)
  3 elephant simulacra (Lair:5)
  28 killer bees (Lair:2)
  An electric eel (Lair:5)
  9 howler monkeys
  5 hounds
  2 jellies (D:6)
  3 gnoll boudas
  15 orc priests
  2 iguanas
  29 orc wizards
  Robin (D:3)
  26 gnolls
  12 adders
  2 shadow imps
  3 white imps
  2 dart slugs
  2 worms
  68 orcs
  3 ball pythons
  3 bats
  6 endoplasms
  2 giant cockroaches
  9 hobgoblins
  3 jackals (D:4)
  2 quokkas (D:1)
  2 frilled lizards
  12 goblins
  11 kobolds
  5 rats
795 creatures vanquished.

Vanquished Creatures (others)
  A sea snake (Shoals:1)
  A killer bee (Lair:2)
  An orc (Orc:2)
3 creatures vanquished.

Grand Total: 798 creatures vanquished

Notes
Turn   | Place    | Note
-------+----------+-------------------------------------------
     0 | D:1      | senf the Demonspawn Monk began the quest for the Orb.
     0 | D:1      | Reached XP level 1. HP: 18/18 MP: 1/1
    60 | D:1      | Found a faded altar of an unknown god.
   201 | D:1      | Found Janiuf Syty's Book Emporium.
   201 | D:1      | Noticed a walking crystal tome
   204 | D:1      | Noticed a walking frostbound tome
   341 | D:1      | Gained mutation: Your demonic aura sometimes causes spilled
                  | blood to erupt in flames. [demonic ancestry]
   341 | D:1      | Reached XP level 2. HP: 24/24 MP: 2/2
   737 | D:2      | Gained mutation: You are partially covered in icy blue
                  | scales. (AC +2) [demonic ancestry]
   737 | D:2      | Reached XP level 3. HP: 29/29 MP: 3/3
  1443 | D:2      | Reached XP level 4. HP: 37/37 MP: 4/4
  1821 | D:3      | Found a runed translucent gate.
  1821 | D:3      | Found a runed translucent gate.
  1821 | D:3      | Found a runed translucent gate.
  1858 | D:3      | Noticed soul19's ghost (amateur GrMo)
  2204 | D:4      | Noticed Robin
  2235 | D:3      | Killed Robin
  2409 | D:4      | Noticed a scorpion
  2421 | D:4      | Killed a scorpion
  2422 | D:4      | Gained mutation: Your touch may inflict minor irresistible
                  | damage on your foes. [demonic ancestry]
  2422 | D:4      | Reached XP level 5. HP: 17/43 MP: 5/5
  2731 | D:4      | Noticed a phantom
  2763 | D:4      | Killed a phantom
  2764 | D:4      | Reached XP level 6. HP: 49/49 MP: 6/6
  2868 | D:4      | Found a sacrificial altar of Ru.
  2869 | D:4      | Found an iron altar of Okawaru.
  3141 | D:4      | Reached skill level 5 in Fighting
  3380 | D:5      | Entered Level 5 of the Dungeon
  3385 | D:5      | Noticed Duvessa
  3385 | D:5      | Noticed Dowan
  3405 | D:4      | Killed Duvessa
  3406 | D:4      | Reached XP level 7. HP: 42/56 MP: 7/7
  3419 | D:4      | Killed Dowan
  3495 | D:5      | Identified the +1 ring mail "Guich" {Will- Regen+ SInv}
  3542 | D:5      | Noticed Pikel
  3917 | D:5      | Killed Pikel
  3918 | D:5      | Reached skill level 5 in Long Blades
  3918 | D:5      | Reached skill level 5 in Dodging
  3918 | D:5      | Gained mutation: You are mostly covered in icy blue scales.
                  | (AC +3) [demonic ancestry]
  3918 | D:5      | Reached XP level 8. HP: 20/65 MP: 8/8
  4110 | D:5      | Found Donweuss's General Store.
  4113 | D:5      | Bought a scroll of blinking for 97 gold pieces
  4965 | D:6      | Found Pyemm's Antique Weapon Shoppe.
  4975 | D:6      | Bought a scimitar for 116 gold pieces
  5363 | D:6      | Found a hazy altar of Hepliaklqana.
  5556 | D:6      | Found a snail-covered altar of Cheibriados.
  6089 | D:7      | Gained mutation: Your touch may inflict irresistible damage
                  | on your foes. [demonic ancestry]
  6089 | D:7      | Reached XP level 9. HP: 72/72 MP: 9/9
  6591 | D:8      | Found a flagged portal.
  6601 | Bailey   | Entered a bailey
  7074 | Bailey   | Noticed an orc knight
  7085 | Bailey   | Gained mutation: You have a pair of small horns on your
                  | head. [potion of mutation]
  7085 | Bailey   | Gained mutation: Your flesh is cold resistant. (rC+)
                  | [potion of mutation]
  7085 | Bailey   | Gained mutation: You have sharp toenails. [potion of
                  | mutation]
  7111 | Bailey   | Killed an orc knight
  8155 | D:7      | Reached XP level 10. HP: 83/83 MP: 10/10
  8709 | D:7      | Found a staircase to the Ecumenical Temple.
  8718 | Temple   | Entered the Ecumenical Temple
  8820 | D:4      | Became a worshipper of Warmaster Okawaru
  8820 | D:4      | Reached * piety under Okawaru
  8820 | D:4      | Reached ** piety under Okawaru
  9117 | D:9      | Identified the "Ygaeceah"
  9143 | D:9      | Reached skill level 1 in Invocations
  9390 | D:9      | Noticed a death yak
  9401 | D:9      | Killed a death yak
  9402 | D:9      | Noticed a death yak
  9406 | D:9      | Noticed a death yak
  9414 | D:10     | Entered Level 10 of the Dungeon
  9675 | D:10     | Reached skill level 10 in Fighting
  9679 | D:10     | Reached *** piety under Okawaru
  9761 | D:10     | Noticed a cyclops
  9768 | D:10     | Killed a cyclops
  9979 | D:10     | Reached XP level 11. HP: 89/91 MP: 14/14
 10067 | D:10     | Found Haufaap's General Store.
 10520 | D:10     | Reached skill level 10 in Long Blades
 10520 | D:10     | Reached skill level 10 in Dodging
 10520 | D:10     | Gained mutation: A weak demonic guardian rushes to your
                  | aid. [demonic ancestry]
 10520 | D:10     | Reached XP level 12. HP: 100/100 MP: 14/17
 10705 | D:11     | Noticed Josephine
 10837 | D:10     | Killed Josephine
 10837 | D:10     | Reached **** piety under Okawaru
 11277 | D:11     | Noticed Lodul
 11282 | D:11     | Noticed a boulder beetle
 11291 | D:11     | Killed Lodul
 11298 | D:11     | Killed a boulder beetle
 11388 | D:11     | Found a staircase to the Orcish Mines.
 11756 | D:12     | Noticed Urug
 11769 | D:12     | Killed Urug
 11827 | D:12     | Reached ***** piety under Okawaru
 11889 | D:12     | Found a basalt altar of Yredelemnul.
 12324 | D:12     | Reached skill level 10 in Invocations
 12660 | D:12     | Noticed Snorg
 12669 | D:12     | Killed Snorg
 13050 | D:12     | Gained mutation: A demonic guardian rushes to your aid.
                  | [demonic ancestry]
 13050 | D:12     | Reached XP level 13. HP: 109/109 MP: 20/20
 13482 | D:9      | Found a staircase to the Lair.
 13663 | D:9      | Found a runed translucent gate.
 13664 | D:9      | Found a runed translucent gate.
 13664 | D:9      | Found a runed translucent gate.
 13665 | D:9      | Noticed Lobster4's ghost (novice MfSh)
 13665 | D:9      | Noticed grandjackal's ghost (novice DsGl)
 13881 | D:14     | Identified the of Jasafian
 13881 | Gauntlet | Identified the "Loanud"
 13881 | Lair:1   | Entered Level 1 of the Lair of Beasts
 14066 | Lair:1   | Noticed Jeremiah
 14113 | Lair:1   | Killed Jeremiah
 14933 | Lair:1   | Received a gift from Okawaru
 15130 | Lair:2   | Found a hole to the Spider Nest.
 15139 | Lair:2   | Identified the +10 flail "Tuon" {pain, rPois Dex+2}
 15928 | Lair:2   | Found a staircase to the Shoals.
 16156 | Lair:2   | Reached ****** piety under Okawaru
 16440 | Lair:2   | Received a gift from Okawaru
 17111 | Lair:3   | Reached XP level 14. HP: 104/118 MP: 23/23
 17577 | Lair:3   | Received a gift from Okawaru
 18041 | Lair:4   | Found a viscous altar of Jiyva.
 18042 | Lair:4   | Found a staircase to the Slime Pits.
 18203 | Lair:4   | Received a gift from Okawaru
 18814 | Lair:5   | Entered Level 5 of the Lair of Beasts
 18822 | Lair:5   | Identified the +2 pair of gloves of the Curupira {rElec
                  | rC++}
 19715 | Lair:5   | Received a gift from Okawaru
 20848 | Lair:5   | Received a gift from Okawaru
 21209 | Lair:5   | Identified the +11 orcbow of Dust {antimagic, Fragile rElec
                  | Str+8 Stlth-}
 21602 | Orc:1    | Entered Level 1 of the Orcish Mines
 21750 | Orc:1    | Gained mutation: You are completely covered in icy blue
                  | scales. (AC +4, rC+) [demonic ancestry]
 21750 | Orc:1    | Reached XP level 15. HP: 97/127 MP: 25/25
 22024 | Orc:1    | Noticed Maurice
 22030 | Orc:1    | Killed Maurice
 22312 | Orc:2    | Entered Level 2 of the Orcish Mines
 22329 | Orc:2    | Gained mutation: You have hidden genetic defects. [a
                  | neqoxec]
 22688 | Orc:2    | Found Zoomniox's Antique Weapon Shop.
 22969 | Arena    | Entered the Arena
 23154 | Orc:2    | Found a staircase to the Elven Halls.
 23290 | Orc:1    | Reached skill level 15 in Invocations
 23656 | Orc:1    | Received a gift from Okawaru
 23778 | Orc:1    | Gained mutation: You occasionally lose the ability to drink
                  | potions when taking damage. [hidden defects]
 24057 | Orc:2    | Reached skill level 15 in Fighting
 24162 | Orc:2    | Reached skill level 1 in Shields
 24389 | Orc:2    | Found Fec Puciy's Antique Armour Shop.
 24390 | Orc:2    | Found Huomoz's Antique Weapon Boutique.
 24392 | Orc:2    | Found Giceb's General Store.
 24392 | Orc:2    | Found Zuram's Book Shop.
 24711 | Shoals:1 | Entered Level 1 of the Shoals
 24711 | Shoals:1 | Found Nifful's Antique Weapon Shop.
 24722 | Arena    | Entered the Arena
 25005 | Shoals:1 | Found Loevoblei's Book Boutique.
 25291 | Shoals:1 | Identified the serpent talisman of the Skies Above {rF+
                  | Int+2}
 25291 | Shoals:1 | Noticed Aizul
 25301 | Arena    | Entered the Arena
 25309 | Arena    | Killed Aizul
 25336 | Shoals:1 | Reached skill level 5 in Shields
 25457 | Shoals:1 | Gained mutation: You occasionally shout uncontrollably at
                  | your foes. [hidden defects]
 25457 | Shoals:1 | Lost mutation: You have hidden genetic defects. [hidden
                  | defects expressed]
 25458 | Shoals:1 | Found Avoesik's Armour Emporium.
 25620 | Shoals:2 | Noticed Kirke
 25620 | Shoals:2 | Found Avveut Tur's Jewellery Emporium.
 25620 | Shoals:2 | Found Maeviwonn's Assorted Antiques.
 26695 | Shoals:1 | Found Sorenubb's Antique Weapon Emporium.
 26898 | Shoals:1 | Identified the +8 short sword of Meammox {freeze, rPois rF+
                  | rN+ Stlth+}
 27312 | Shoals:1 | Received a gift from Okawaru
 27514 | Shoals:2 | Noticed Ilsuiw
 27520 | Arena    | Entered the Arena
 27540 | Arena    | Killed Ilsuiw
 28223 | Shoals:2 | Found Jogitrat's Weapon Shoppe.
 28223 | Shoals:2 | Noticed Polyphemus
 28369 | Shoals:2 | Killed Polyphemus
 28563 | Shoals:2 | Gained mutation: Your touch may irresistibly damage your
                  | foes and sap their willpower. [demonic ancestry]
 28563 | Shoals:2 | Reached XP level 16. HP: 135/136 MP: 27/27
 28686 | Shoals:2 | Found Fyqux's Armour Emporium.
 28830 | Shoals:2 | Found a runed translucent gate.
 28830 | Shoals:2 | Found a runed translucent gate.
 28831 | Shoals:2 | Found a runed translucent gate.
 28839 | Shoals:2 | Noticed Eugor's ghost (journeyman DECj)
 29013 | Shoals:2 | Killed Kirke
 29893 | Shoals:3 | Reached skill level 10 in Shields
 30772 | Shoals:3 | Reached skill level 1 in Armour
 30930 | Shoals:3 | HP: 2/136 [merfolk impaler/+2 heavy trident (14)]
 31957 | Shoals:4 | Entered Level 4 of the Shoals
 31957 | Shoals:4 | Found a transporter.
 31992 | Shoals:4 | Found a transporter.
 32004 | Shoals:4 | Found a transporter.
 32018 | Shoals:4 | Found a transporter.
 32028 | Shoals:4 | Paralysed by a formless jellyfish for 1 turns
 32251 | Shoals:4 | Received a gift from Okawaru
 32270 | Shoals:4 | Found a transporter.
 32314 | Shoals:4 | HP: 6/136 [barbs]
 33112 | Shoals:4 | Found a transporter.
 33761 | Arena    | Entered the Arena
 33802 | Shoals:4 | Reached skill level 5 in Armour
 34299 | Shoals:4 | Got a barnacled rune of Zot
 34428 | Shoals:4 | Identified the +1 plate armour of Xom's Esteem {Stlth+}
 35108 | Shoals:4 | HP: 5/136 [merfolk impaler/+2 demon trident of
                  | electrocution (11)]
 35108 | Shoals:4 | Annihilated by an alligator snapping turtle

Illustrated notes

Levels and vault maps discovered:
D:1:      nzn_arrival_water_spiral, layout_basic,
          hellmonk_ecumenical_altar_lost_god, serial_shops,
          nicolae_shop_mannequins
D:2:      layout_loops_ring, minmay_pentomino_w4
D:3:      layout_rooms, gammafunk_ghost_split, kennysheep_generic_room_6
D:4:      layout_loops_ring, chequers_temple_overflow_statue_of_worship,
          uniq_robin
D:5:      layout_gridville, serial_shops, nicolae_shop_behind_doors,
          uniq_duvessa, uniq_pikel
D:6:      layout_basic, nicolae_overflow_crystal_walls, lemuel_tele_altar,
          serial_shops, nicolae_shop_overgrown_old_shop
D:7:      layout_cave_pools, minmay_temple_entry_grid, minmay_increasing_density
D:8:      layout_gridville, kennysheep_mini_moat, enter_bailey_2,
          minmay_misc_feat_rows, minmay_bent
D:9:      layout_rooms, dpeg_lair_monsters, gammafunk_ghost_cemetery
D:10:     layout_basic, nicolae_stop_n_shop_1, lightli_minifort
D:11:     layout_loops_cross, orc_0_dummy, minmay_misc_feat_enclosed,
          uniq_lodul, uniq_josephine
D:12:     layout_roguey, yredelemnul_altar_generic, uniq_urug, uniq_snorg
D:13:     layout_long_grid, portal_ice_cave_entry_pillars_1,
          corexii_leaking_fountain, nicolae_underground_beach, uniq_nessos
Temple:   compressed_dpeg_triangle_lava_temple
Lair:1:   layout_big_grid, lemuel_fruit_tree, uniq_jeremiah
Lair:2:   regret_index_bee_streams, layout_loops_ring,
          minmay_shoals_entry_centaurs, nicolae_spider_entry_lesser_pyramids
Lair:3:   layout_regular_city, lemuel_centaur_altar, infiniplex_staircase_pool
Lair:4:   layout_roguey, slime_entry_1, beast_lair_carwin_2
Lair:5:   due_jungle_book, layout_gridlike
Shoals:1: layout_shoals, serial_shops, shop_fountains, nicolae_shop_peninsula,
          nicolae_shop_statue_plus, nicolae_shop_tiny_real_fake_doors,
          nicolae_shoals_so_close, uniq_aizul
Shoals:2: layout_shoals, serial_shops, shop, nicolae_shop_advertising_works
          [nicolae_subvault_shop_adworks], nicolae_shop_crystal,
          gammafunk_ghost_necromancy, nicolae_stop_n_shop_2, uniq_kirke,
          uniq_polyphemus, uniq_ilsuiw
Shoals:3: layout_shoals, nicolae_shoals_lost_giant_baths
Shoals:4: shoals_end_hangedman, layout_shoals, shoal_ilsuiw,
          nicolae_shoals_lost_giant_hut, serial_nicolae_subway,
          nicolae_sub_station_metal, nicolae_sub_station_crystal,
          nicolae_sub_station_stone
Orc:1:    layout_caves, nicolae_orc_flooded_monolith, nicolae_orc_bridge_out,
          uniq_maurice
Orc:2:    st_orc_congregation, layout_diamond_mine, serial_shops,
          nicolae_shop_peninsula

Skill      XL: |  1  2  3  4  5  6  7  8  9 10 11 12 13 14 15 16 |
---------------+-------------------------------------------------+-----
Long Blades    | 3 4 5 6 8 9 10 11 12 13 | 13.8
Dodging        | 3 4 5 6 8 9 10 11 12 13 | 13.6
Fighting       | 4 5 6 7 9 10 11 12 13 14 15 | 15.1
Invocations    | 4 7 10 12 14 15 | 15.2
Shields        | 8 11 | 11.9
Armour         | 5 |  5.2

Action                     |  1- 3 |  4- 6 |  7- 9 | 10-12 | 13-15 | 16-18 || total
---------------------------+-------+-------+-------+-------+-------+-------++-------
  Melee: Falchion          |    87 |   143 |   102 |       |       |       ||   332
         Scimitar          |       |       |   201 |   308 |  1422 |   494 ||  2425
         Headbutt          |       |       |    11 |    89 |   407 |   143 ||   650
  Throw: Dart              |       |       |       |     1 |     1 |       ||     2
 Invoke: Heroism           |       |       |       |     3 |    10 |     1 ||    14
         Finesse           |       |       |       |       |     7 |     2 ||     9
         Duel              |       |       |       |       |     4 |     1 ||     5
  Evoke: Wand              |       |       |       |       |     9 |       ||     9
    Use: Scroll            |       |       |     2 |    22 |     5 |     1 ||    30
         Potion            |       |       |     9 |     3 |       |     3 ||    15
   Stab: Sleeping          |       |       |       |       |       |     2 ||     2
 Armour: Robe              |    56 |    23 |       |       |       |       ||    79
         Animal skin       |       |    17 |       |       |       |       ||    17
         Ring mail         |       |    35 |   187 |   162 |   783 |   295 ||  1462
  Dodge: Dodged            |    64 |    87 |   266 |   224 |  1272 |   421 ||  2334
  Block: Kite shield       |       |       |       |       |   238 |   418 ||   656

Table legend: (Time is in decaauts)
 A = Elapsed time spent in this place.
 B = Non-inter-level travel time spent in this place.
 C = Inter-level travel time spent in this place.
 D = Time resting spent in this place.
 E = Time spent auto-exploring this place.
 F = Levels seen in this place.
 G = Mean time per level.
                   A        B        C        D        E       F      G
               +--------+--------+--------+--------+--------+-----+--------+
         Total |  35145 |  33684 |   1461 |  11680 |  15211 |  31 | 1133.7 |
       Dungeon |  13361 |  12498 |    863 |   2572 |   7803 |  13 | 1027.8 |
        Temple |      1 |      0 |      1 |      0 |      0 |   1 |    1.0 |
          Lair |   8446 |   8114 |    332 |   2591 |   3799 |   5 | 1689.2 |
        Shoals |   9631 |   9464 |    167 |   5007 |   2303 |   4 | 2407.8 |
  Orcish Mines |   2877 |   2781 |     96 |   1193 |   1024 |   2 | 1438.5 |
        Bailey |    723 |    723 |      0 |    258 |    280 |   1 |  723.0 |
         Arena |    103 |    103 |      0 |     59 |      0 |   5 |   20.6 |
               +--------+--------+--------+--------+--------+-----+--------+

Top non-repeatable levels by time:
Shoals:3: 2896 daAuts
  Lair:5: 2550 daAuts
  Lair:2: 2421 daAuts
Shoals:1: 2386 daAuts
Shoals:4: 2228 daAuts
Shoals:2: 2119 daAuts
   Orc:1: 1629 daAuts
     D:4: 1537 daAuts
     D:5: 1512 daAuts
    D:10: 1456 daAuts
    D:12: 1413 daAuts
     D:8: 1310 daAuts
  Lair:3: 1276 daAuts
   Orc:2: 1247 daAuts
    D:11: 1223 daAuts
